 Dungeon Crawl Stone Soup version 0.26-a0-540-g8a0c9464d7 (webtiles) character file.

Game seed: 15763548596923695872

103 vurker the Chiller (level 4, -2/33 HPs)
             Began as a Barachi Ice Elementalist on Aug 18, 2020.
             Slain by Grinder (11 damage)
             ... while paralysed by Grinder
             ... on level 3 of the Dungeon.
             The game lasted 00:04:22 (2636 turns).

vurker the Chiller (Barachi Ice Elementalist)       Turns: 2636, Time: 00:04:23

Health: -2/33      AC:  2    Str: 10    XL:     4   Next: 79%
Magic:  6/9        EV:  2    Int: 16    God:
Gold:   116        SH:  0    Dex: 12    Spells: 2/10 levels left

rFire    + . .     SeeInvis .   d - +0 dagger
rCold    . . .     Faith    .   (no shield)
rNeg     . . .     Spirit   .   a - +0 robe
rPois    .         Reflect  .   (no helmet)
rElec    .         Harm     .   (no cloak)
rCorr    .                      (no gloves)
MR       .....                  (no boots)
Stlth    +++.......             (no amulet)
HPRegen  0.11/turn              c - ring of stealth
MPRegen  0.11/turn              l - ring of protection from fire

@: paralysed, frozen ramparts, slow
A: +LOS, swims, slowness 1, strong legs 1
a: Hop


You were on level 3 of the Dungeon.
You visited 1 branch of the dungeon, and saw 3 of its levels.

You collected 116 gold pieces.

Inventory:

Hand Weapons
 d - a +0 dagger (weapon)
   (You took it off a goblin on level 1 of the Dungeon)
Armour
 a - a +0 robe (worn)
Jewellery
 c - a ring of stealth (left hand)
   (You found it on level 1 of the Dungeon)
 g - a +6 ring of strength {unknown}
   (You found it on level 2 of the Dungeon)
 l - a ring of protection from fire (right hand)
   (You found it on level 1 of the Dungeon)
Scrolls
 b - a scroll of immolation {unknown}
 e - 2 scrolls of remove curse {unknown}
 f - a scroll of fear {unknown}
 m - a scroll of blinking {unknown}
 n - 3 scrolls of identify {unknown}
Potions
 h - a potion of haste {unknown}
 i - a potion of brilliance {unknown}
 j - 2 potions of stabbing {unknown}
 k - a potion of flight {unknown}
 o - 2 potions of magic {unknown}


   Skills:
 + Level 1.9 Fighting
 - Level 2.1 Dodging
 - Level 1.7 Stealth
 * Level 3.5 Spellcasting
 * Level 0.2 Conjurations
 * Level 5.9 Ice Magic


You had 2 spell levels left.
You knew the following spells:

 Your Spells              Type           Power        Failure   Level
a - Freeze                Ice            ###.         1%          1
b - Frozen Ramparts       Ice            ###...       4%          3
c - Hailstorm             Conj/Ice       ##......     45%         4

Your spell library contained the following spells:

 Spells                   Type           Power        Failure   Level
 Ozocubu's Armour         Ice            ###.....     4%          3
 Summon Ice Beast         Ice/Summ       ##......     45%         4


Dungeon Overview and Level Annotations

Branches:
Dungeon (3/15)

Altars:
Okawaru

Annotations:
D:3 Grinder


Innate Abilities, Weirdness & Mutations

You can be seen from farther away. (+LOS)
You can swim through water.
You cover ground slowly.
You can hop short distances.


Message History

You freeze the adder. The adder completely misses you.
Aim: an adder (severely wounded)
You freeze the adder. The adder barely misses you.
An adder is nearby!
Aim: an adder (almost dead)
You freeze the adder!
You kill the adder!
You see here an adder corpse.
o - 2 metallic red potions (gained 1)
You see here an adder corpse.
n - 3 scrolls labeled CUKAIF QOCSO (gained 1)
Found a stone staircase leading down.
There is a stone staircase leading down here.
Grinder comes into view.
Grinder shouts!
Grinder gestures at you. You resist with significant effort.
Grinder blinks!
Grinder says, "You look like you could use a good racking."
Grinder gestures at you. Pain shoots through your body!
Grinder blinks!
Grinder says, "Mostly I couldn't keep them alive."
Grinder gestures at you.
You suddenly lose the ability to move!
Grinder blinks! x3
Grinder barely misses you.
You can move again.
You closely miss Grinder. Grinder misses you.
The walls around you are covered in ice.
Grinder resists.
The wall freezes Grinder.
Grinder hits you!
* * * LOW HITPOINT WARNING * * *
You writhe in agony.
* * * LOW HITPOINT WARNING * * *
Grinder completely resists.
The wall freezes Grinder but do no damage.
Grinder says, "FISH!"
Unknown command.
Grinder resists.
The wall freezes Grinder.
You hit Grinder.
Grinder completely resists.
The wall freezes Grinder but do no damage.
Grinder gestures at you.
You suddenly lose the ability to move!
Grinder completely resists.
The wall freezes Grinder but do no damage.
Grinder barely misses you.
Grinder completely resists.
The wall freezes Grinder but do no damage.
Grinder hits you!
You die...

#.# #.########
#.#......#
#.#.####.#
###############>#.#
#.#
#...............#.#
#.#
#.######..5....§..#
#.# #.#
#.########## #.#
#.# #.....@5..# #.#
#.##############.#
#5#
#........<.....#.#
#.#
#########†###.##.#
#.. #.# #.##.# #.#
#....# ### ######


You could see Grinder.

Vanquished Creatures
  3 adders
  3 worms (D:2)
  7 dart slugs
  4 leopard geckos
  5 bats
  A giant cockroach (D:2)
  6 goblins (D:1)
  7 hobgoblins
  9 kobolds
  4 frilled lizards
  2 rats
51 creatures vanquished.

Notes
Turn   | Place    | Note
-------+----------+-------------------------------------------
     0 | D:1      | vurker the Barachi Ice Elementalist began the quest for the
                  | Orb.
     0 | D:1      | Reached XP level 1. HP: 13/13 MP: 3/3
   203 | D:1      | Reached skill level 5 in Ice Magic
   203 | D:1      | Reached XP level 2. HP: 20/20 MP: 0/5
   585 | D:1      | Reached skill level 1 in Fighting
   678 | D:1      | Reached XP level 3. HP: 26/26 MP: 1/7
  1632 | D:2      | Learned a level 3 spell: Frozen Ramparts
  1789 | D:2      | Reached XP level 4. HP: 32/32 MP: 4/8
  2063 | D:2      | Found an iron altar of Okawaru.
  2508 | D:2      | Learned a level 4 spell: Hailstorm
  2600 | D:3      | Noticed Grinder
  2624 | D:3      | Paralysed by Grinder for 6 turns
  2634 | D:3      | Paralysed by Grinder for 7 turns
  2636 | D:3      | Slain by Grinder

Illustrated notes

Levels and vault maps discovered:
D:1:      dpeg_arrival_rhombus, layout_loops_ring, serial_bayou,
          serial_bayou_crossing, serial_bayou_pond_e, serial_bayou_shore_b,
          serial_bayou_pond_e, serial_bayou_pond_d, serial_bayou_pond_c,
          minivault_5, minmay_cut_off
D:2:      layout_basic, hangedman_feature_mirror, kennysheep_flooded_box,
          serial_park_tiny_1, hangedman_abyss_or_decor_stabs,
          ebering_dispersal_statue_hall, minmay_diced_spiral
D:3:      layout_basic, solitary_fountain, uniq_grinder, uniq_sigmund

Skill      XL: |  1  2  3 |
---------------+----------+-----
Ice Magic      | 5 |  5.9
Fighting       | 1 |  1.9
Spellcasting   | 3 |  3.5
Dodging        | |  2.1
Stealth        | |  1.7
Conjurations   | |  0.2

Action                   |  1- 3 |  4- 6 || total
-------------------------+-------+-------++-------
Melee: Unarmed           |     5 |       ||     5
       Dagger            |     8 |    10 ||    18
 Cast: Freeze            |    48 |    33 ||    81
       Frozen Ramparts   |       |     1 ||     1
 Stab: Sleeping          |     4 |     1 ||     5
Armor: Robe              |     2 |     7 ||     9
Dodge: Dodged            |    19 |    16 ||    35

Table legend: (Time is in decaauts)
 A = Elapsed time spent in this place.
 B = Non-inter-level travel time spent in this place.
 C = Inter-level travel time spent in this place.
 D = Time resting spent in this place.
 E = Time spent auto-exploring this place.
 F = Levels seen in this place.
 G = Mean time per level.
                   A        B        C        D        E       F      G
               +--------+--------+--------+--------+--------+-----+--------+
         Total |   2902 |   2810 |     92 |      0 |   2388 |   3 |  967.3 |
       Dungeon |   2902 |   2810 |     92 |      0 |   2388 |   3 |  967.3 |
               +--------+--------+--------+--------+--------+-----+--------+

Top non-repeatable levels by time:
     D:1: 1681 daAuts
     D:2: 1078 daAuts
     D:3: 142 daAuts
